 Dungeon Crawl Stone Soup version 0.26.1-11-gd32895ea62 (webtiles) character file.

Game seed: 11179116152526094778

796 sankara the Cudgeller (level 7, 0/46 HPs)
             Began as a Demonspawn Chaos Knight on July 10, 2021.
             Was a Plaything of Xom.
             Slain by a phantom (10 damage)
             ... on level 5 of the Dungeon.
             The game lasted 00:07:59 (4853 turns).

sankara the Cudgeller (Demonspawn Chaos Knight)     Turns: 4853, Time: 00:07:59

Health: 0/46       AC: 12    Str: 12    XL:     7   Next: 58%
Magic:  7/7        EV: 14    Int: 13    God:    Xom [...*..]
Gold:   359        SH:  0    Dex: 21    Spells: 6/6 levels left

rFire    + . .     SeeInvis .   a - +0 mace (chaos)
rCold    . . .     Faith    .   (no shield)
rNeg     + . .     Spirit   .   b - +2 leather armour
rPois    .         Reflect  .   (helmet restricted)
rElec    .         Harm     .   (no cloak)
rCorr    .         Rampage  .   (no gloves)
Will     .....                  u - +0 pair of boots
Stlth    ++........             (no amulet)
HPRegen  0.15/turn              w - ring of positive energy
MPRegen  0.10/turn              t - +6 ring of dexterity

@: sanguine armour
A: hooves 1, horns 2, blurry vision 1, fire resistance 1, frail 1, flame cloud
immunity, sanguine armour 1
a: Renounce Religion


You were on level 5 of the Dungeon.
You worshipped Xom.
You were a favourite toy of Xom.
You visited 1 branch of the dungeon, and saw 5 of its levels.

You collected 359 gold pieces.

Inventory:

Hand Weapons
 a - a +0 mace of chaos (weapon)
Missiles
 f - 112 sling bullets
 g - 138 stones (quivered)
 r - 7 curare-tipped darts
 y - 5 silver javelins
 A - 6 silver boomerangs
Armour
 b - a +2 leather armour (worn)
 u - a +0 pair of boots (worn)
 G - a +1 pair of gloves
 H - the +2 leather armour "Joare" {+Inv rElec Dex-5, unknown}
   (You found it on level 5 of the Dungeon)

   It affects your dexterity (-5).
   It insulates you from electricity.
   It lets you turn invisible.
Jewellery
 k - an uncursed ring of resist corrosion
 t - a +6 ring of dexterity (right hand)
 w - a ring of positive energy (left hand)
 E - a +4 ring of evasion {unknown}
Wands
 C - a wand of flame (9)
Scrolls
 c - 4 scrolls of magic mapping
 h - 6 scrolls of teleportation
 i - 2 scrolls of noise
 j - 4 scrolls of remove curse
 l - 4 scrolls of identify {unknown}
 s - a scroll of enchant armour {unknown}
 z - a scroll of enchant weapon {unknown}
 B - a scroll of fear {unknown}
Potions
 d - 2 potions of haste {unknown}
 e - 4 potions of curing {unknown}
 m - a potion of attraction {unknown}
 n - a potion of brilliance {unknown}
 o - 2 potions of lignification {unknown}
 p - 5 potions of might {unknown}
 q - a potion of magic {unknown}
 v - 2 potions of ambrosia {unknown}
 x - 3 potions of heal wounds {unknown}
 D - a potion of flight {unknown}
 F - a potion of mutation {unknown}


   Skills:
 - Level 3.0 Fighting
 * Level 6.6 Maces & Flails
 - Level 3.0 Armour
 + Level 4.2 Dodging


You had 6 spell levels left.
You didn't know any spells.
Your spell library contained the following spells:

 Spells                   Type           Power        Failure   Level
 Passwall                 Tmut/Erth      0%           52%         2
 Swiftness                Air            0%           52%         2
 Passage of Golubria      Tloc           N/A          98%         4
 Lee's Rapid Deconstruct  Erth           0%           100%        5
 Invisibility             Hex            0%           100%        6


Dungeon Overview and Level Annotations

Branches:
Dungeon (5/15)             Temple (0/1) D:5

Altars:

Annotations:
Abyss:1 Blork the orc


Innate Abilities, Weirdness & Mutations

You have large cloven feet.
Your flesh is heat resistant. (rF+)
You are immune to clouds of flame.
When seriously injured, your bleeding wounds create armour. (AC +6)
You have a pair of horns on your head.
Scrolls take you a little longer to read.
You are frail. (-10% HP)


Message History

The leopard gecko bites you but does no damage.
You closely miss the leopard gecko.
The leopard gecko bites you but does no damage. x2
Something hits you.
You are too injured to fight recklessly!
You are too injured to fight recklessly!
You are too injured to fight recklessly!
You are too injured to fight recklessly!
You miss the leopard gecko.
The leopard gecko completely misses you.
You hit the leopard gecko.
The leopard gecko seems to slow down.
You freeze the leopard gecko.
You kill the leopard gecko!
Something hits you!
* * * LOW HITPOINT WARNING * * *
Found 15 gold pieces.
Something barely misses you.
You barely miss something. You headbutt something. Something hits you!
You die...
Xom yawns loudly!

# #...#
#..........
#...###..##...##.#
#........##...##.
....####.........
####.####...##..##
#.#..........#
##.#.##.#.#.#.#
.....##.#.....##
#........@....#
..#.####.......# #
#.......#
#.......#
#.......#
#.......#
#.......#
##...#### #.###


There were no monsters in sight!

Vanquished Creatures
  Eustachio (D:5)
  A sky beast (D:5)
  A phantom (D:4)
  An ogre (D:5)
  2 bullfrog skeletons
  2 orc priests
  3 orc wizards
  Terence (D:3)
  A worker ant (D:4)
  A hound skeleton (D:4)
  4 adders
  An ufetubus (D:5)
  An ooze (D:2)
  2 adder skeletons
  6 worms
  A dart slug (D:2)
  A leopard gecko (D:5)
  An orc (D:3)
  2 giant cockroaches (D:1)
  2 goblins (D:2)
  3 hobgoblins
  8 jackals
  2 quokkas
  A ball python (D:2)
  A bat (D:1)
  4 kobolds
  6 rats
60 creatures vanquished.

Vanquished Creatures (others)
  A rat (D:3)
1 creature vanquished.

Grand Total: 61 creatures vanquished

Notes
Turn   | Place    | Note
-------+----------+-------------------------------------------
     0 | D:1      | sankara the Demonspawn Chaos Knight began the quest for the
                  | Orb.
     0 | D:1      | Reached XP level 1. HP: 18/18 MP: 1/1
   127 | D:1      | Reached skill level 1 in Dodging
   146 | D:1      | XOM: silly message
   303 | D:1      | XOM: 2-stop teleportation journey
   591 | D:1      | XOM: god gift: 24 gold pieces
   734 | D:2      | XOM: butterfly on damage
   739 | D:2      | Reached skill level 3 in Maces & Flails
   739 | D:2      | Gained mutation: Your flesh is heat resistant. (rF+)
                  | [demonic ancestry]
   739 | D:2      | Reached XP level 2. HP: 7/24 MP: 2/2
   841 | D:1      | XOM: give mutations
   841 | D:1      | Gained mutation: Scrolls take you a little longer to read.
                  | [Xom's mischief]
   841 | D:1      | Gained mutation: You are frail. (-10% HP) [Xom's mischief]
   841 | D:1      | Gained mutation: You have a pair of small horns on your
                  | head. [Xom's mischief]
  1330 | D:2      | Reached XP level 3. HP: 20/26 MP: 3/3
  1559 | D:2      | XOM: give mutation
  1559 | D:2      | Gained mutation: You have a pair of horns on your head.
                  | [Xom's grace]
  1774 | D:2      | XOM: cloud trail
  2006 | D:3      | Found a faded altar of an unknown god.
  2218 | D:3      | XOM: god gift: twisted ruby ring {god gift}
  2273 | D:3      | XOM: 3-stop teleportation journey
  2445 | D:3      | Reached skill level 4 in Maces & Flails
  2445 | D:3      | Gained mutation: You are immune to clouds of flame.
                  | [demonic ancestry]
  2445 | D:3      | Reached XP level 4. HP: 6/31 MP: 4/4
  2445 | D:3      | XOM: divination: magic mapping
  2844 | D:3      | Noticed Terence
  2850 | D:3      | Killed Terence
  2851 | D:3      | Gained mutation: You have large cloven feet. [demonic
                  | ancestry]
  2851 | D:3      | Reached XP level 5. HP: 28/36 MP: 5/5
  3223 | D:3      | XOM: god gift: 5 silver javelins
  3721 | D:4      | Noticed a phantom
  3731 | D:4      | XOM: scenery: summon butterflies
  3738 | D:4      | Killed a phantom
  3739 | D:4      | Reached skill level 5 in Maces & Flails
  3739 | D:4      | Reached XP level 6. HP: 22/42 MP: 6/6
  3941 | D:5      | Entered Level 5 of the Dungeon
  4180 | D:5      | Noticed a sky beast
  4184 | D:5      | Noticed Blork the orc
  4185 | D:5      | Noticed Blork
  4185 | D:5      | Blork the orc changed into Blork the gnoll
  4185 | D:5      | XOM: polymorph Blork the orc -> Blork the gnoll
  4190 | D:5      | Banished Blork the gnoll
  4207 | D:5      | Killed a sky beast
  4208 | D:5      | Gained mutation: When seriously injured, your bleeding
                  | wounds create armour. (AC +6) [demonic ancestry]
  4208 | D:5      | Reached XP level 7. HP: 21/46 MP: 7/7
  4454 | D:5      | Reached skill level 6 in Maces & Flails
  4806 | D:5      | Noticed Eustachio
  4816 | D:5      | Killed Eustachio
  4822 | D:5      | Found a staircase to the Ecumenical Temple.
  4831 | D:5      | XOM: cast spell 'Shadow Creatures'
  4843 | D:5      | Got a translucent leather armour
  4853 | D:5      | Slain by a phantom

Illustrated notes

Levels and vault maps discovered:
D:1:      lightli_arrival_quake, layout_basic
D:2:      layout_loops_ring
D:3:      layout_basic, chequers_ecumenical_altar_simple_redux,
          lemuel_flame_loot_1, uniq_terence
D:4:      layout_basic
D:5:      layout_loops_cross, minmay_temple_entry_stoned_glass,
          chequers_ossuary_entry_cave, chequers_jeans, uniq_edmund,
          uniq_eustachio, uniq_blork_the_orc

Skill      XL: |  1  2  3  4  5  6  7 |
---------------+----------------------+-----
Dodging        | 1 2 3 4 |  4.2
Maces & Flails | 3 4 5 6 |  6.6
Armour         | 2 3 |  3.0
Fighting       | |  3.0

Action                   |  1- 3 |  4- 6 |  7- 9 || total
-------------------------+-------+-------+-------++-------
Melee: Mace              |   106 |    84 |    41 ||   231
       Headbutt          |     9 |    24 |    17 ||    50
  Use: Scroll            |       |     4 |       ||     4
 Stab: Paralysed         |       |     2 |     3 ||     5
       Sleeping          |       |     1 |       ||     1
       Petrifying        |       |     1 |       ||     1
       Petrified         |       |     1 |       ||     1
Armor: Leather armour    |    31 |    25 |    16 ||    72
Dodge: Dodged            |    68 |    45 |    11 ||   124
